AoeStats
← vikman85

Arena

510371751Analyzed
2v2 RM · 2d ago on Sep 30, 2026· 43m 49s· 4 players
Game mode
Random Map
Map size
Medium (4 player)
Population
200
Speed
Normal
Resources
Standard
Victory
Conquest
Starting age
Dark Age
Ending age
Imperial Age
RankedLock teamsTeams togetherTeam positionsShared explorationLock speedFull tech treeHidden civsTurbo modeCheats
Victory
Defeat
🇪🇸 Varangians · Spain
1223
+13
🇪🇸 Danes · Spain
1171
+16
1199
-16
🇷🇺 Turks · Russia
1130
-13
Ромчик Бумчик
10:59 Feudal Age
18:37 Castle Age
16:51 Fletching
CowArius
12:09 Feudal Age
15:38 Castle Age
13:50 Double-Bit Axe
13:46 Horse Collar
20:39 Imperial Age
19:14 Bow Saw
21:22 Padded Archer Armor
22:40 Leather Archer Armor
38:00 Squires
DK_rudyairlines
3:08 Loom
9:08 Feudal Age
12:27 Fletching
23:09 Castle Age
21:38 Arson
33:39 Squires
33:27 Gambesons
35:21 Scale Mail Armor
36:11 Double-Bit Axe
37:16 Forging
40:23 Bow Saw
40:02 Horse Collar
42:42 Wheelbarrow
41:53 Town Watch
43:22 Chain Mail Armor
43:43 Iron Casting
43:04 Bodkin Arrow
43:57 Stone Mining
vikman85
10:51 Feudal Age
11:38 Double-Bit Axe
11:39 Horse Collar
14:33 Castle Age
14:03 Stone Mining
16:31 Loom
20:29 Gold Mining
21:45 Scale Barding Armor
21:51 Forging
22:06 Town Watch
22:58 Chain Barding Armor
23:19 Bloodlines
23:10 Husbandry
27:52 Wheelbarrow
29:11 Fletching
31:07 Bodkin Arrow
32:09 Hand Cart
37:23 Stone Shaft Mining
38:06 Light Cavalry
39:51 Town Patrol
40:07 Bow Saw
40:04 Heavy Plow
42:54 Iron Casting
42:05 Vendel Legacy
Connection lost

Rejoining the realm…

Still unreachable

The connection could not be restored.

Session expired

The server has moved on; the page needs a fresh start.